 Dungeon Crawl Stone Soup version 0.24.1-14-gf8d2b509d9 (webtiles) character file.

Game seed: 13254200868198781798, levelgen mode: deterministic

101 TittyCrusher the Changer (level 4, 0/28 HPs)
             Began as an Octopode Transmuter on Apr 18, 2024.
             Succumbed to a gnoll's poison
             ... on level 1 of the Dungeon.
             The game lasted 00:10:16 (2269 turns).

TittyCrusher the Changer (Octopode Transmuter)      Turns: 2269, Time: 00:10:17

Health: 0/28       AC:  6    Str: 10    XL:     4   Next: 75%
Magic:  7/7        EV: 13    Int: 15    God:
Gold:   95         SH:  0    Dex: 12    Spells: 1/7 levels left

rFire    . . .     SeeInvis .   b - +0 hunting sling (curse)
rCold    . . .     Gourm    .   (no shield)
rNeg     . . .     Faith    .   (helmet restricted)
rPois    .         Spirit   .   n - amulet of magic regeneration
rElec    .         Reflect  .   h - +5 ring of protection
rCorr    .         Harm     .   (no ring)
MR       .....                  (no ring)
Stlth    ++........             (no ring)
HPRegen  0.09/turn              (no ring)
MPRegen  0.35/turn              (no ring)
                                (no ring)
                                (no ring)

@: lethally poisoned (0 -> -7), flying, hasted, very quick
A: almost no armour, stealthy swim, amphibious, 8 rings, constrict 8, camouflage
1, gelatinous body 1
a: no special abilities


You were on level 1 of the Dungeon.
You were not hungry.

You visited 1 branch of the dungeon, and saw 2 of its levels.

You collected 95 gold pieces.

Inventory:

Hand Weapons
 b - a cursed +0 hunting sling (weapon)
 f - a +1 whip of electrocution
 i - a +0 dagger
Missiles
 d - 24 arrows
 e - 62 stones (quivered)
Jewellery
 h - a +5 ring of protection (left tentacle)
 n - an amulet of magic regeneration (around mantle)
Comestibles
 c - 4 rations
 m - 4 chunks of flesh


   Skills:
 - Level 1.0 Fighting
 - Level 2.0 Dodging
 + Level 3.2 Unarmed Combat
 - Level 2.0 Spellcasting
 - Level 3.5 Transmutations
 - Level 3.3 Poison Magic


You had one spell level left.
You knew the following spells:

 Your Spells              Type           Power        Failure   Level  Hunger
a - Beastly Appendage     Tmut           ##....       5%          1    #......
b - Sticks to Snakes      Tmut           ##......     8%          2    ###....
c - Spider Form           Tmut/Pois      ##........   16%         3    ###....

Your spell library contained the following spells:

 Spells                   Type           Power        Failure   Level  Hunger
 Ice Form                 Ice/Tmut       #.......     71%         4    #####..
 Blade Hands              Tmut           ##........   82%         5    ######.


Dungeon Overview and Level Annotations

Branches:
Dungeon (2/15)

Altars:

Annotations:
D:2 Terence


Innate Abilities, Weirdness & Mutations

You cannot wear most types of armour.
You are very stealthy in the water. (Stealth+)
You are amphibious.
You can wear up to eight rings at the same time.
You can use your tentacles to constrict eight enemies at once.
Your skin changes colour to match your surroundings (Stealth+).
Your rubbery body absorbs attacks. (AC +1, EV +1)


Message History

* * * LOW HITPOINT WARNING * * *
You feel sick.
* * * LOW HITPOINT WARNING * * *
You feel sick.
* * * LOW HITPOINT WARNING * * *
You feel sick.
* * * LOW HITPOINT WARNING * * *
You feel sick.
You aren't carrying any scrolls.
Unknown command.
Unknown command.
* * * LOW HITPOINT WARNING * * *
You feel sick.
* * * LOW HITPOINT WARNING * * *
You feel sick.
Unknown command.
* * * LOW HITPOINT WARNING * * *
You feel sick.
Unknown command.
You die...

####..#.# #...# #.
...(....############...### #.
................)......'.# #.
#.......###.##.#####...#.#######.
#.....#...........##...#.##[.....
#..##.#.##..##§##§##...#.......#.
....#.#.....##.##§##...#..#......
#.......###.##§§§.##...#....#....
#.#...........§§@§§#...........##
#.######.#..######§.....#.#.#>###
..#......#..######..#.#..........
..#.####..............#.###.##.#.
............######....#.# #.##...
#.###......## #...##.###......
#......##### #...##..........
.......# #...............
##.....# ###.###.#..####.#


There were no monsters in sight!

Vanquished Creatures
  2 adders (D:2)
  2 gnolls (D:2)
  2 oozes
  A worm (D:2)
  3 leopard geckos
  6 goblins
  8 hobgoblins
  A ball python (D:1)
  3 bats
  7 frilled lizards
  11 kobolds
  7 rats
53 creatures vanquished.

Vanquished Creatures (others)
  A goblin (D:1)
1 creature vanquished.

Grand Total: 54 creatures vanquished

Notes
Turn   | Place    | Note
-------+----------+-------------------------------------------
     0 | D:1      | TittyCrusher the Octopode Transmuter began the quest for
                  | the Orb.
     0 | D:1      | Reached XP level 1. HP: 13/13 MP: 3/3
   140 | D:1      | Reached XP level 2. HP: 14/18 MP: 3/5
   144 | D:1      | Learned a level 2 spell: Sticks to Snakes
  1057 | D:1      | Reached XP level 3. HP: 17/23 MP: 4/6
  1142 | D:1      | Learned a level 3 spell: Spider Form
  1385 | D:2      | Reached skill level 1 in Poison Magic
  1720 | D:2      | Reached XP level 4. HP: 28/28 MP: 3/7
  2225 | D:2      | Noticed Terence
  2267 | D:1      | HP: 1/28 [poisoned by a gnoll]
  2269 | D:1      | Succumbed to a gnoll's poison

Levels and vault maps discovered:
D:1:      lemuel_arrival_hallway, layout_basic, chequers_serial_rivers_micro_b,
          lemuel_old_faithful
D:2:      layout_basic, minmay_lizard_king, uniq_terence

Skill      XL: |  1  2  3  4 |
---------------+-------------+-----
Transmutations | 3 |  3.5
Poison Magic   | 2 3 |  3.3
Fighting       | |  1.0
Dodging        | |  2.0
Unarmed Combat | |  3.2
Spellcasting   | |  2.0

Action                   |  1- 3 |  4- 6 || total
-------------------------+-------+-------++-------
Melee: Unarmed           |    85 |    25 ||   110
       Constrict         |    15 |     1 ||    16
       Kick              |    18 |       ||    18
       Tentacles         |     5 |     1 ||     6
       Punch             |     1 |       ||     1
       Hunting sling     |       |     2 ||     2
 Fire: Hunting sling     |       |    15 ||    15
Throw: Stone             |    14 |       ||    14
 Cast: Beastly Appendage |    23 |       ||    23
       Spider Form       |     3 |     8 ||    11
  Use: Potion            |     1 |     4 ||     5
       Scroll            |       |     4 ||     4
 Stab: Sleeping          |     1 |       ||     1
  Eat: Chunk             |     3 |     4 ||     7
Armor: Skin              |     4 |     6 ||    10
Dodge: Dodged            |    37 |    17 ||    54
